 Dungeon Crawl Stone Soup version 0.19.0-19-g8c6edcc (webtiles) character file.

6223 Chiseanne the Covert (level 10, -6/46 HPs)
             Began as a Spriggan Hunter on Nov 15, 2016.
             Was an Initiate of Gozag.
             Mangled by a white very ugly thing (37 damage)
             ... on level 8 of the Dungeon.
             The game lasted 00:44:12 (12109 turns).

Chiseanne the Covert (Spriggan Hunter)             Turns: 12109, Time: 00:44:13

Health: -6/46      AC:  5    Str:  8    XL:     10   Next: 61%
Magic:  11/11      EV: 32    Int: 13    God:    Gozag
Gold:   777        SH:  0    Dex: 24    Spells: 0 memorised, 9 levels left

rFire  . . .     SeeInvis +     a - +6 dagger (venom)
rCold  . . .     Gourm    .     b - +0 robe
rNeg   . . .     Faith    .     (shield restricted)
rPois  +         Spirit   .     (helmet restricted)
rElec  .         Reflect  .     E - +2 cloak
rCorr  .         Harm     .     (gloves unavailable)
MR     +....                    (boots unavailable)
Stlth  ++++++....               u - amulet of magic regeneration
                                H - ring of poison resistance
                                h - +4 ring of dexterity

@: gold aura, very quick
A: unfitting armour, see invisible, herbivore 3, speed 3, slow metabolism 2
a: Potion Petition, Call Merchant, Bribe Branch, Renounce Religion


You were on level 8 of the Dungeon.
You worshipped Gozag.
Gozag was pleased with you.
You were very full.

You visited 2 branches of the dungeon, and saw 10 of its levels.

You collected 1580 gold pieces.
You paid 803 gold pieces to Gozag.

Inventory:

Hand Weapons
 a - a +6 dagger of venom (weapon)
 s - a +1 short sword of speed
 w - a +0 blowgun
Missiles
 c - 7 tomahawks (quivered)
 e - 61 sling bullets
 g - 142 arrows
 i - 185 stones
 A - 42 bolts
 D - 5 needles of sleeping {!*}
 L - 6 poisoned needles
Armour
 b - a +0 robe (worn)
 E - a +2 cloak (worn)
Jewellery
 h - a +4 ring of dexterity (left hand)
 j - an uncursed ring of ice
 k - an uncursed ring of positive energy
 u - an amulet of magic regeneration (around neck)
 H - a ring of poison resistance (right hand)
 J - an uncursed ring of resist corrosion
Wands
 K - a wand of paralysis (0/24)
 N - a wand of lightning (8/15)
Scrolls
 d - a scroll of recharging {unknown}
 l - 5 scrolls of magic mapping
 r - a scroll of summoning {unknown}
 y - 3 scrolls of teleportation
 I - a scroll of remove curse
Potions
 n - 2 potions of berserk rage {unknown}
 o - a potion of mutation {unknown}
 p - a potion of ambrosia
 q - 2 potions of might {unknown}
 t - a potion of cancellation {unknown}
 v - a potion of agility {unknown}
 x - 3 potions of curing
Books
 m - a book of Callings

   Spells                             Type                      Level
   a - Summon Small Mammal            Summoning                    1
   b - Call Imp                       Summoning                    2
   c - Call Canine Familiar           Summoning                    3
   d - Summon Guardian Golem          Hexes/Summoning              3
   e - Summon Lightning Spire         Summoning/Air                4
   f - Summon Ice Beast               Ice/Summoning                4
 z - a book of Maledictions

   Spells                             Type                      Level
   a - Corona                         Hexes                        1
   b - Ensorcelled Hibernation        Hexes/Ice                    2
   c - Confuse                        Hexes                        3
   d - Tukima's Dance                 Hexes                        3
   e - Dazzling Spray                 Conjuration/Hexes            3
 B - a book of Misfortune

   Spells                             Type                      Level
   a - Confusing Touch                Hexes                        1
   b - Confuse                        Hexes                        3
   c - Gell's Gravitas                Hexes/Translocation          3
   d - Petrify                        Transmutation/Earth          4
   e - Metabolic Englaciation         Hexes/Ice                    5
   f - Yara's Violent Unravelling     Hexes/Transmutation          5
 C - a book of Necromancy

   Spells                             Type                      Level
   a - Pain                           Necromancy                   1
   b - Animate Skeleton               Necromancy                   1
   c - Vampiric Draining              Necromancy                   3
   d - Regeneration                   Charms/Necromancy            3
   e - Animate Dead                   Necromancy                   4
   f - Control Undead                 Necromancy                   4
 M - a book of Changes

   Spells                             Type                      Level
   a - Beastly Appendage              Transmutation                1
   b - Sticks to Snakes               Transmutation                2
   c - Spider Form                    Transmutation/Poison         3
   d - Ice Form                       Ice/Transmutation            4
   e - Blade Hands                    Transmutation                5
Comestibles
 f - 8 bread rations
 F - 7 fruits
 G - 6 royal jellies


   Skills:
 - Level 1.5 Fighting
 - Level 1.2 Short Blades
 * Level 10.1 Throwing
 * Level 13.1 Dodging
 * Level 13.7 Stealth


You had 9 spell levels left.
You didn't know any spells.

Dungeon Overview and Level Annotations

Branches:
Dungeon (9/15)             Temple (1/1) D:5            Lair (0/6) D:8
    Orc: D:9-12

Altars:
Ashenzari
Cheibriados
Dithmenos
Elyvilon
Fedhas
Gozag
Hepliaklqana
Kikubaaqudgha
Makhleb
Nemelex Xobeh
Okawaru
Qazlal
Ru
Sif Muna
Trog
Uskayaw
Vehumet
Xom
Yredelemnul
Zin
The Shining One

Shops:
D:7 (

Annotations:
D:4 1 exclusion, Edmund; Natasha; ThermosAquaticus's ghost, amateur FoFi
D:9 Galewind's ghost, novice DECj


Innate Abilities, Weirdness & Mutations

You are very small and have problems with some larger weapons.
You are too small for most types of armour.
You have supernaturally acute eyesight. (SInv)
You are a herbivore.
You cover ground extremely quickly.
You need consume almost no food.


Message History

You continue eating. x2
You finish eating.
That royal jelly was delicious!
r - a scroll labeled TACRIYSTOIQ
There is a stone staircase leading down, spattered with blood here.
The ice beast is too close now for your liking.
You catch the helpless ice beast completely off-guard!
You spit the ice beast like a pig!!!
You kill the ice beast!
You see here 15 gold pieces.
You now have 777 gold pieces (gained 15).
The white very ugly thing is distracted by your gold.
You catch the helpless white very ugly thing completely off-guard!
You impale the white very ugly thing!!
The white very ugly thing is poisoned.
The white very ugly thing is no longer distracted by gold.
The white very ugly thing is moderately wounded.
The white very ugly thing engulfs you!
The white very ugly thing freezes you!!!
Ouch! That really hurt!
You die...
Your body crumbles into a pile of gold.

..[.# ##.## #)# #.#....#.##.#.#
....######..###.###.#....#.##.#.#
....u........)..........>#.##.#.#
....#######.###.##..#..#.#....#.#
....# #..##.##..)..#.######.#
....# ##.##.##.##)...######.#
....# #.##.................#
....# ###..####.##############
....# #......@u...............
....# #.##..###.##############
....# #.###......# # ##### #.#
#.###..# # ####.###..##..# #
#.....##..##..# # #.....<...##..#
# #.....###.##..# #
####.......)..########### #


You could see a white very ugly thing.

Vanquished Creatures
  A queen bee (D:8)
  A hornet (D:9)
  A hippogriff (D:8)
  A basilisk (D:8)
  2 humans (D:8)
  Menkaure (D:5)
  A water moccasin (D:8)
  4 porcupines (D:8)
  3 orc warriors
  3 sky beasts
  2 ice beasts (D:8)
  A black bear (D:7)
  5 ogres
  2 centaurs
  3 crocodiles (D:8)
  7 bullfrogs
  20 killer bees (D:8)
  A howler monkey (D:6)
  3 crimson imps
  A jelly (D:8)
  4 hounds
  An orc priest (D:6)
  7 orc wizards
  2 centaur skeletons
  A gnoll shaman (D:7)
  3 iguanas
  Ijyb (D:3)
  Natasha (twice) (D:4)
  3 worker ants
  A killer bee zombie (D:8)
  A hound zombie (D:5)
  A hound skeleton (D:7)
  A howler monkey skeleton (D:3)
  16 gnolls
  12 adders
  3 river rats (D:8)
  3 shadow imps
  4 oozes
  An adder zombie (D:3)
  4 adder skeletons
  3 worms
  2 dart slugs
  4 leopard geckos
  30 orcs
  4 giant cockroaches
  7 goblins
  6 hobgoblins
  11 jackals
  8 kobolds
  7 quokkas
  A ball python (D:3)
  A ball python zombie (D:5)
  8 bats
  2 frilled lizards
  A leopard gecko skeleton (D:5)
  2 quokka skeletons
  4 rats
235 creatures vanquished.

Vanquished Creatures (others)
  A bush (D:8)
  2 fungi (D:8)
  12 plants (D:8)
15 creatures vanquished.

Grand Total: 250 creatures vanquished

Notes
Turn   | Place    | Note
-------+----------+-------------------------------------------
     0 | D:1      | Chiseanne the Spriggan Hunter began the quest for the Orb.
     0 | D:1      | Reached XP level 1. HP: 10/10 MP: 2/2
   274 | D:1      | Reached XP level 2. HP: 14/14 MP: 3/3
   849 | D:2      | Reached XP level 3. HP: 17/18 MP: 4/4
  1270 | D:2      | Reached XP level 4. HP: 11/22 MP: 5/5
  1957 | D:2      | Reached skill level 1 in Short Blades
  2642 | D:3      | Reached XP level 5. HP: 18/25 MP: 6/6
  2682 | D:3      | Noticed Ijyb
  2714 | D:3      | Killed Ijyb
  2782 | D:3      | Reached skill level 5 in Dodging
  2832 | D:3      | Reached skill level 5 in Throwing
  2832 | D:3      | Reached skill level 5 in Stealth
  2924 | D:3      | Found a blossoming altar of Fedhas.
  3655 | D:3      | Noticed an ice beast
  3665 | D:3      | Reached XP level 6. HP: 27/30 MP: 7/7
  4533 | D:4      | Noticed a slave
  4553 | D:4      | Noticed Natasha
  4599 | D:4      | Killed Natasha
  4674 | D:4      | Noticed Natasha
  4683 | D:4      | Killed Natasha
  4872 | D:4      | Noticed Edmund
  4922 | D:4      | Noticed a slave
  4924 | D:5      | Entered Level 5 of the Dungeon
  4934 | D:5      | Found a staircase to the Ecumenical Temple.
  4938 | D:5      | Noticed Menkaure
  4943 | Temple   | Entered the Ecumenical Temple
  5357 | Temple   | Became a worshipper of Gozag Ym Sagoz the Greedy
  5389 | D:5      | Killed Menkaure
  5389 | D:5      | Reached XP level 7. HP: 33/33 MP: 8/8
  6134 | D:4      | Noticed ThermosAquaticus's ghost (amateur FoFi)
  6309 | D:4      | Noticed Natasha
  6763 | D:6      | Reached XP level 8. HP: 37/37 MP: 9/9
  7592 | D:7      | Reached skill level 10 in Stealth
  7872 | D:7      | Reached skill level 10 in Dodging
  7872 | D:7      | Reached XP level 9. HP: 41/41 MP: 10/10
  8926 | D:8      | Found a staircase to the Lair.
  9417 | D:8      | Noticed a queen bee
  9762 | D:8      | Reached XP level 10. HP: 46/46 MP: 11/11
 10475 | D:8      | Found an iron altar of Okawaru.
 11600 | D:9      | Reached skill level 10 in Throwing
 11607 | D:9      | Found a shattered altar of Ashenzari.
 11628 | D:9      | Noticed Galewind's ghost (novice DECj)
 11800 | D:8      | Noticed a white very ugly thing
 12109 | D:8      | Mangled by a white very ugly thing

Skill      XL: |  1  2  3  4  5  6  7  8  9 10 |
---------------+-------------------------------+-----
Stealth        | 2 3 4 5 6 8 10 12 13 | 13.7
Dodging        | 4 5 6 8 10 11 13 | 13.1
Short Blades   | 1 |  1.2
Throwing       | 5 6 8 9 10 | 10.1
Fighting       | |  1.5

Action                   |  1- 3 |  4- 6 |  7- 9 | 10-12 || total
-------------------------+-------+-------+-------+-------++-------
Melee: Short sword       |    77 |    93 |   367 |   208 ||   745
       Dagger            |       |       |       |    40 ||    40
 Fire: Blowgun           |       |    63 |   168 |    60 ||   291
Throw: Tomahawk          |    26 |    46 |    33 |    13 ||   118
       Throwing net      |       |       |       |     2 ||     2
Invok: Call Merchant     |       |       |     1 |       ||     1
Evoke: Wand              |       |     3 |     1 |     7 ||    11
  Use: Scroll            |     4 |     3 |     7 |       ||    14
       Potion            |     2 |       |       |       ||     2
 Stab: Sleeping          |     7 |    13 |    14 |    14 ||    48
       Distracted        |       |     1 |     4 |     5 ||    10
       Held in net/web   |       |       |       |     3 ||     3
  Eat: Royal jelly       |       |     1 |     3 |     2 ||     6
       Pizza             |       |       |     2 |       ||     2
Armor: Robe              |    11 |     5 |    17 |    11 ||    44
Dodge: Dodged            |    93 |    69 |   341 |   226 ||   729
